 Dungeon Crawl Stone Soup version 0.31-a0-1589-g8f5e8aebd6 (webtiles) character file.

Game seed: 12623339240238044064

220 MisterAzrael the Purveyor of Pain (level 5, -2/38 HPs)
             Began as a Gnoll Necromancer on Jan 5, 2024.
             Was an Initiate of Kikubaaqudgha.
             Slain by an orc
             ... wielding a +0 morningstar
              (10 damage)
             ... on level 6 of the Dungeon.
             The game lasted 00:06:14 (2834 turns).

MisterAzrael the Purveyor of Pain (GnNe)            Turns: 2834, Time: 00:06:14

Health: -2/38      AC:  2    Str:  7    XL:     5   Next: 97%
Magic:  2/12       EV: 13    Int: 17    God:    Kikubaaqudgha [......]
Gold:   144        SH:  0    Dex: 12    Spells: 2/14 levels left

rFire   . . .        k - +4 falchion (protect)
rCold   . . .        (no shield)
rNeg    . . .        a - +0 robe
rPois   .            (no helmet)
rElec   .            (no cloak)
rCorr   .            (no gloves)
SInv    .            (no boots)
Will    .....        r - amulet of faith
Stlth   +++          f - ring of wizardry
HPRegen 0.26/turn    (no ring)
MPRegen 0.13/turn

%: faith, wizardry (x1)
@: animating dead
A: fangs 1, strong nose, distributed training
a: Renounce Religion


You were on level 6 of the Dungeon.
You worshipped Kikubaaqudgha.
Kikubaaqudgha was noncommittal.
You visited 2 branches of the dungeon, and saw 6 of its levels.

You collected 144 gold pieces.

Inventory:

Hand Weapons
 e - a +3 dagger
 k - a +4 falchion of protection (weapon)
Missiles
 l - 2 javelins
Armour
 a - a +0 robe (worn)
Jewellery
 b - a ring of protection from cold
 f - a ring of wizardry (left hand)
 i - a ring of resist corrosion
 r - an amulet of faith (around neck)
 t - an amulet of magic regeneration
Talismans
 m - a beast talisman
Scrolls
 c - 3 scrolls of identify
 d - a scroll of blinking
 g - a scroll of summoning {unknown}
 n - a scroll of poison {unknown}
 o - a scroll of fear {unknown}
 p - a scroll of vulnerability {unknown}
 q - a scroll of immolation {unknown}
 s - a scroll of fog {unknown}
 u - a scroll of silence {unknown}


   Skills:
 + Level 1.8 Fighting
 + Level 1.8 Short Blades
 + Level 1.8 Long Blades
 + Level 1.8 Axes
 + Level 1.8 Maces & Flails
 + Level 1.8 Polearms
 + Level 1.8 Staves
 + Level 1.8 Ranged Weapons
 + Level 1.8 Throwing
 + Level 1.8 Armour
 + Level 4.9 Dodging
 + Level 4.5 Stealth
 + Level 1.8 Shields
 + Level 1.8 Unarmed Combat
 + Level 5.3 Spellcasting
 + Level 1.4 Conjurations
 + Level 1.4 Hexes
 + Level 1.4 Summonings
 + Level 7.2 Necromancy
 + Level 1.4 Translocations
 + Level 1.4 Fire Magic
 + Level 1.4 Ice Magic
 + Level 1.4 Air Magic
 + Level 1.4 Earth Magic
 + Level 1.4 Alchemy
 + Level 2.0 Invocations
 + Level 1.8 Evocations
 + Level 1.6 Shapeshifting


You had 2 spell levels left.
You knew the following spells:

 Your Spells              Type           Power      Damage    Failure   Level
a - Necrotise             Necr           100%       1d9       1%          1
b - Vampiric Draining     Necr           29%        2d8       1%          3
c - Animate Dead          Necr           29%        N/A       2%          4
d - Stone Arrow           Conj/Erth      18%        3d8       10%         3
e - Sandblast             Erth           18%        2d7       3%          1

Your spell library contained the following spells:

 Spells                   Type           Power      Damage    Failure   Level
 Curse of Agony           Necr           29%        N/A       8%          5
 Passwall                 Erth           9%         N/A       10%         3
 Brom's Barrelling Bould  Conj/Erth      9%         2d3       30%         4


Dungeon Overview and Level Annotations

Branches:
Dungeon (7/15)             Temple (1/1) D:6

Altars:
Ashenzari
Cheibriados
Dithmenos
Elyvilon
Gozag
Hepliaklqana
Kikubaaqudgha
Makhleb
Nemelex Xobeh
Qazlal
Uskayaw
Vehumet
Wu Jian
Yredelemnul
Zin
The Shining One


Innate Abilities, Weirdness & Mutations

You have very sharp teeth.
Your uncanny sense of smell can sniff out nearby items.
Your experience applies equally to all skills.


Message History

Okay, then.
The blast of sand hits something but does no damage.
Something hits you.
The blast of sand hits something!
You hear some strange, mumbled words.
Something tries to affect you, but you resist.
Something completely misses you.
The blast of sand hits something.
Kikubaaqudgha accepts your kill.
Reactivating autopickup.
You feel a bit more experienced.
The dead are walking!
Your Invocations skill increases to level 2!
The blast of sand hits the orc.
The orc is lightly wounded.
The orc hits you with a +0 morningstar!
Your orc wizard zombie hits the orc.
The orc closely misses you.
You miscast Sandblast.
You are very lightly contaminated with residual magic.
Nothing appears to happen.
Your orc wizard zombie closely misses the orc.
The orc barely misses you.
The blast of sand hits the orc.
The orc is heavily wounded.
The orc hits you with a +0 morningstar!
Your orc wizard zombie closely misses the orc.
You are too injured to fight recklessly!
You swap places.
The orc hits your orc zombie with a +0 morningstar!
Your orc zombie is destroyed!
Your orc wizard zombie hits the orc.
The orc hits your orc wizard zombie with a +0 hand axe.
The orc closely misses your orc wizard zombie.
The orc hits you with a +0 morningstar!
* * * LOW HITPOINT WARNING * * *
Your magical contamination has completely faded away.
You closely miss the orc.
The orc is heavily wounded.
The orc hits you with a +0 morningstar!
You die...
Kikubaaqudgha rasps: "You have failed me!
Welcome... death!"

####### ..# #.#
#.# #.# #.# #.###
#...# #@#.##
########## #o#..##
#......... #o##..#
#......... #Z###.#
#......... #o#
#.###......... #.#
#........)....
(..∆####..........
#.. ##........$ ∆
.... #.........


You could see 3 orcs and a friendly orc wizard zombie.

Vanquished Creatures
  A phantom (D:6)
  A hound (D:6)
  2 orc wizards (D:6)
  An adder (D:2)
  A white imp (D:6)
  A ribbon worm (D:3)
  3 orcs (D:6)
  4 ball pythons
  5 bats
  3 endoplasms
  A goblin (D:2)
  4 hobgoblins
  6 kobolds
  7 quokkas
  A frilled lizard (D:2)
  5 rats
46 creatures vanquished.

Vanquished Creatures (collateral kills)
  A goblin (D:1)
  A ball python (D:1)
2 creatures vanquished.

Vanquished Creatures (others)
  An orc zombie (D:6)
1 creature vanquished.

Grand Total: 49 creatures vanquished

Notes
Turn   | Place    | Note
-------+----------+-------------------------------------------
     0 | D:1      | MisterAzrael the Gnoll Necromancer began the quest for the
                  | Orb.
     0 | D:1      | Reached XP level 1. HP: 13/13 MP: 6/6
   150 | D:1      | Reached XP level 2. HP: 19/19 MP: 4/7
   432 | D:1      | Reached skill level 5 in Spellcasting
   432 | D:1      | Reached XP level 3. HP: 25/25 MP: 5/9
   650 | D:2      | Reached skill level 1 in Invocations
   693 | D:2      | Found a faded altar of an unknown god.
  1130 | D:2      | Learned a level 3 spell: Vampiric Draining
  1146 | D:2      | Reached skill level 1 in Fighting
  1146 | D:2      | Reached skill level 1 in Short Blades
  1146 | D:2      | Reached skill level 1 in Long Blades
  1146 | D:2      | Reached skill level 1 in Axes
  1146 | D:2      | Reached skill level 1 in Maces & Flails
  1146 | D:2      | Reached skill level 1 in Polearms
  1146 | D:2      | Reached skill level 1 in Staves
  1146 | D:2      | Reached skill level 1 in Ranged Weapons
  1146 | D:2      | Reached skill level 1 in Throwing
  1146 | D:2      | Reached skill level 1 in Armour
  1146 | D:2      | Reached skill level 1 in Shields
  1146 | D:2      | Reached skill level 1 in Unarmed Combat
  1146 | D:2      | Reached skill level 1 in Evocations
  1720 | D:3      | You fall into a shaft and drop 3 floors!
  1720 | D:6      | Found a staircase to the Ecumenical Temple.
  1729 | Temple   | Entered the Ecumenical Temple
  1752 | Temple   | Became a worshipper of Kikubaaqudgha
  1858 | D:6      | Reached skill level 1 in Shapeshifting
  1858 | D:6      | Reached XP level 4. HP: 32/32 MP: 11/11
  1965 | D:6      | Reached skill level 1 in Conjurations
  1965 | D:6      | Reached skill level 1 in Hexes
  1965 | D:6      | Reached skill level 1 in Summonings
  1965 | D:6      | Reached skill level 1 in Translocations
  1965 | D:6      | Reached skill level 1 in Fire Magic
  1965 | D:6      | Reached skill level 1 in Ice Magic
  1965 | D:6      | Reached skill level 1 in Air Magic
  1965 | D:6      | Reached skill level 1 in Earth Magic
  1965 | D:6      | Reached skill level 1 in Alchemy
  2128 | D:6      | Noticed a phantom
  2146 | D:6      | Learned a level 4 spell: Animate Dead
  2150 | D:6      | Learned a level 3 spell: Stone Arrow
  2152 | D:6      | Learned a level 1 spell: Sandblast
  2178 | D:6      | Killed a phantom
  2179 | D:6      | Reached XP level 5. HP: 17/37 MP: 4/12
  2548 | D:6      | Noticed an orc warrior
  2582 | D:7      | Noticed an orc warrior
  2587 | D:7      | Noticed a phantom
  2834 | D:6      | Slain by an orc

Illustrated notes

Levels and vault maps discovered:
D:1:      spicycebolla_arrival_clurvy, layout_rooms
D:2:      layout_basic, shapermc_ecumenical_altar_totnotflames
D:3:      layout_loops_ring, grunt_decor_mini_mirrors
D:6:      layout_basic, temple_fountains, kennysheep_generic_room_2
D:7:      layout_rooms, nicolae_overflow_macrodata_refinement,
          general_overflow_altar, serial_glass, glass_columns_a,
          glass_columns_a, glass_columns_a, glass_columns_c, glass_columns_b,
          glass_columns_c, glass_columns_a, glass_columns_a, item_on_display_a,
          feat_on_display, item_on_display_a, minmay_strange_pillars,
          kennysheep_generic_room_11
Temple:   nicolae_temple_elliptical

Skill      XL: |  1  2  3  4  5 |
---------------+----------------+-----
Spellcasting   | 5 |  5.3
Invocations    | 1 2 |  2.0
Fighting       | 1 |  1.8
Short Blades   | 1 |  1.8
Long Blades    | 1 |  1.8
Axes           | 1 |  1.8
Maces & Flails | 1 |  1.8
Polearms       | 1 |  1.8
Staves         | 1 |  1.8
Ranged Weapons | 1 |  1.8
Throwing       | 1 |  1.8
Armour         | 1 |  1.8
Shields        | 1 |  1.8
Unarmed Combat | 1 |  1.8
Evocations     | 1 |  1.8
Shapeshifting  | 1 |  1.6
Conjurations   | 1 |  1.4
Hexes          | 1 |  1.4
Summonings     | 1 |  1.4
Translocations | 1 |  1.4
Fire Magic     | 1 |  1.4
Ice Magic      | 1 |  1.4
Air Magic      | 1 |  1.4
Earth Magic    | 1 |  1.4
Alchemy        | 1 |  1.4
Dodging        | |  4.9
Stealth        | |  4.5
Necromancy     | |  7.2

Action                     |  1- 3 |  4- 6 || total
---------------------------+-------+-------++-------
  Melee: Dagger            |     5 |       ||     5
         Unarmed           |     2 |       ||     2
         Bite              |     1 |       ||     1
         Falchion          |    12 |     6 ||    18
   Cast: Necrotise         |    47 |     4 ||    51
         Vampiric Draining |     1 |     4 ||     5
         Sandblast         |       |    13 ||    13
         Stone Arrow       |       |     6 ||     6
         Animate Dead      |       |     1 ||     1
    Use: Scroll            |     3 |     2 ||     5
         Potion            |       |     3 ||     3
   Stab: Sleeping          |     3 |       ||     3
 Armour: Robe              |    16 |    26 ||    42
  Dodge: Dodged            |    20 |    19 ||    39

Table legend: (Time is in decaauts)
 A = Elapsed time spent in this place.
 B = Non-inter-level travel time spent in this place.
 C = Inter-level travel time spent in this place.
 D = Time resting spent in this place.
 E = Time spent auto-exploring this place.
 F = Levels seen in this place.
 G = Mean time per level.
                   A        B        C        D        E       F      G
               +--------+--------+--------+--------+--------+-----+--------+
         Total |   2843 |   2779 |     64 |    546 |   1648 |   6 |  473.8 |
       Dungeon |   2796 |   2732 |     64 |    546 |   1648 |   5 |  559.2 |
        Temple |     46 |     46 |      0 |      0 |      0 |   1 |   46.0 |
               +--------+--------+--------+--------+--------+-----+--------+

Top non-repeatable levels by time:
     D:6: 1062 daAuts
     D:2: 768 daAuts
     D:1: 634 daAuts
     D:3: 317 daAuts
  Temple: 46 daAuts
     D:7: 13 daAuts
